 Dungeon Sprint DCSS version 0.27-a0-1119-gbf574a6a6b (webtiles) character file.

Game seed: 10623082197853321042

6307 Zeld the Devastator (level 10, -1/71 HPs)
             Began as an Octopode Conjurer on May 2, 2021.
             Was a High Priest of Sif Muna.
             Slain by a demonic crawler (2 damage)
             ... in the Dungeon (Sprint I: "Red Sonja").
             The game lasted 00:04:46 (3401 turns).

Zeld the Devastator (Octopode Conjurer)             Turns: 3401, Time: 00:04:47

Health: -1/71      AC:  1    Str:  7    XL:     10   Next: 95%
Magic:  0/19       EV: 16    Int: 23    God:    Sif Muna [*****.]
Gold:   8          SH:  0    Dex:  9    Spells: 19/30 levels left

rFire    . . .     SeeInvis .   (no weapon)
rCold    + . .     Faith    .   (no shield)
rNeg     . . .     Spirit   .   (helmet restricted)
rPois    .         Reflect  .   (no amulet)
rElec    .         Harm     .   j - ring of protection from cold
rCorr    .         Rampage  .   (no ring)
Will     .....     Rnd*Rage +   (no ring) Stlth +++.......NoTele +
                                (no ring)
HPRegen  0.21/turn              (no ring)
MPRegen  0.16/turn              (no ring)
                                (no ring)
                                (no ring)

@: unable to read
A: almost no armour, amphibious, 8 rings, camouflage 1, gelatinous body 1,
(nimble swimmer 1), tentacles, antennae 1, berserk 3, clumsy 1, deterioration 1,
frail 1, low mp 2, screaming 1, no potion heal 1, inability to read while
threatened
a: Renounce Religion, Channel Magic, Forget Spell, Divine Exegesis


You were in the Dungeon.
You worshipped Sif Muna.
Sif Muna was extremely pleased with you.
You visited 1 branch You collected 844 gold pieces.
You spent 836 gold pieces at shops.

Inventory:

Jewellery
 j - a ring of protection from cold (left tentacle)
Wands
 a - a wand of iceblast (4)
Scrolls
 f - a scroll of identify {unknown}
 g - a scroll of blinking
 h - 2 scrolls of enchant armour {unknown}
 i - a scroll of amnesia {unknown}
 m - a scroll of magic mapping {unknown}
Potions
 b - 3 potions of curing
 c - 3 potions of heal wounds
 d - 2 potions of haste
 e - 2 potions of magic
 k - 2 potions of invisibility
 l - a potion of flight {unknown}


   Skills:
 + Level 11.2 Fighting
 + Level 10.6 Dodging
 - Level 2.6 Stealth
 + Level 10.6 Spellcasting
 * Level 15.6 Conjurations
 - Level 5.0 Hexes
 - Level 5.0 Translocations


You had 19 spell levels left.
You knew the following spells:

 Your Spells              Type           Power      Damage    Failure   Level
a - Magic Dart            Conj           100%       1d8       0%          1
b - Searing Ray           Conj           100%       3d7       0%          2
c - Fulminant Prism       Conj/Hex       28%        3d14      1%          4
d - Iskenderun's Mystic   Conj/Tloc      56%        2d12      1%          4

Your spell library contained the following spells:

 Spells                   Type           Power      Damage    Failure   Level
 Dazzling Flash           Conj/Hex       100%       N/A       1%          3
 Summon Small Mammal      Summ           48%        N/A       5%          1
 Summon Guardian Golem    Hex/Summ       23%        N/A       6%          3
 Call Imp                 Summ           12%        N/A       9%          2
 Call Canine Familiar     Summ           12%        N/A       16%         3
 Summon Ice Beast         Ice/Summ       12%        N/A       47%         4
 Summon Lightning Spire   Summ/Air       12%        N/A       47%         4


Dungeon Overview and Level Annotations

Branches:
Dungeon (1/1)

Altars:
Cheibriados
Dithmenos
Elyvilon
Fedhas
Gozag
Hepliaklqana
Kikubaaqudgha
Makhleb
Nemelex Xobeh
Okawaru
Qazlal
Ru
Sif Muna
Trog
Uskayaw
Vehumet
Wu Jian
Xom
Yredelemnul
Zin
The Shining One
Jiyva
Lugonu

Shops:
D !*![*[[


Innate Abilities, Weirdness & Mutations

You cannot wear most types of armour.
You are amphibious.
You can wear up to eight rings at the same time.
Your skin changes colour to match your surroundings (Stealth+).
Your rubbery body absorbs attacks. (AC +1, EV +1)
((You are camouflaged near water. (Stealth+)))
You have tentacles for arms and can constrict up to eight enemies at once.
You have a pair of small antennae on your head.
You have an uncontrollable temper.
You are clumsy. (Dex -2)
Your body sometimes deteriorates upon taking damage.
You are frail. (-10% HP)
Your magical capacity is very low. (-20% MP)
You occasionally shout uncontrollably at your foes.
Potions are less effective at restoring your health.
You sometimes lose the ability to read scrolls when taking damage.


Message History

The demonic crawler is almost dead.
The demonic crawler is knocked back by the mystic blast.
The mystic blast hits the demonic crawler!
The demonic crawler is severely wounded.
The demonic crawler is knocked back by the mystic blast.
The demonic crawler slams into the rock wall!
The demonic crawler hits you!
* * * LOW HITPOINT WARNING * * *
The demonic crawler barely misses you. The demonic crawler hits you!
* * * LOW HITPOINT WARNING * * *
Unknown command.
Casting: Iskenderun's Mystic Blast (dangerous; 1% risk of failure)
Confirm with . or Enter, or press ? or * to list all spells.
You erupt in a blast of force!
The mystic blast hits the demonic crawler!
The demonic crawler is severely wounded.
The demonic crawler is knocked back by the mystic blast.
The demonic crawler collides with the demonic crawler!
The mystic blast hits the demonic crawler!
You kill the demonic crawler!
Sif Muna accepts your kill.
You see here Sif Muna's Disquisition on the Compass and Ignition.
Sif Muna grants you a gift!
The mystic blast hits the demonic crawler!
You kill the demonic crawler!
Sif Muna accepts your kill.
Your system partially rejects the healing.
You feel much better. The demonic crawler barely misses you.
The demonic crawler hits you!
* * * LOW HITPOINT WARNING * * *
The demonic crawler closely misses you.
Your system partially rejects the healing.
You feel much better. The demonic crawler hits you!
* * * LOW HITPOINT WARNING * * *
The demonic crawler closely misses you. x2
The demonic crawler completely misses you.
The demonic crawler hits you.
* * * LOW HITPOINT WARNING * * *
The demonic crawler hits you.
You die...

####################
'..#).'..#__#..)@s.#
#..'..#..'..'..#†s.#
##'#####'#__####...'..#
#..#...#.#### #####..+
####..##.# +##
___##'#_.+ ∩...'(.._#
.__##_.#'##+###
___###'#(#..)(###


You could see 2 demonic crawlers.

Vanquished Creatures
  Sonja (D)
  A deep troll (D)
  8 shining eyes (D)
  2 kobold demonologists (D)
  2 demonic crawlers (D)
  A slime creature (D)
  A yak (D)
  Sigmund (D)
  5 floating eyes (D)
  An ogre (D)
  A jelly (D)
  Ijyb (D)
25 creatures vanquished.

Vanquished Creatures (others)
  2 hornets (D)
  2 ballistomycete spores (D)
4 creatures vanquished.

Grand Total: 29 creatures vanquished

Notes
Turn   | Place    | Note
-------+----------+-------------------------------------------
     0 | D        | Zeld the Octopode Conjurer began the quest for the Orb.
     0 | D        | Reached XP level 1. HP: 11/11 MP: 3/3
     5 | D        | Noticed Ijyb
    14 | D        | Killed Ijyb
    15 | D        | Reached skill level 5 in Conjurations
    15 | D        | Reached XP level 2. HP: 4/20 MP: 4/6
    15 | D        | Reached XP level 3. HP: 5/25 MP: 4/7
    43 | D        | Learned a level 2 spell: Searing Ray
   369 | D        | Noticed an ogre
   374 | D        | Killed an ogre
   375 | D        | Reached skill level 7 in Conjurations
   375 | D        | Reached XP level 4. HP: 33/33 MP: 1/10
   380 | D        | Learned a level 4 spell: Fulminant Prism
   385 | D        | Learned a level 4 spell: Iskenderun's Mystic Blast
   684 | D        | Noticed Sigmund
   688 | D        | Killed Sigmund
   689 | D        | Reached skill level 5 in Hexes
   689 | D        | Reached skill level 5 in Translocations
   689 | D        | Reached skill level 8 in Conjurations
   689 | D        | Reached XP level 5. HP: 38/38 MP: 7/12
   689 | D        | Reached XP level 6. HP: 44/44 MP: 7/13
   763 | D        | Found an ornate altar of the Wu Jian Council.
   763 | D        | Found a shimmering blue altar of Sif Muna.
   765 | D        | Found a radiant altar of Vehumet.
   771 | D        | Became a worshipper of Sif Muna the Loreminder
   879 | D        | Found Puthrudazi's Armour Emporium.
   879 | D        | Found an ancient bone altar of Kikubaaqudgha.
   879 | D        | Found a hazy altar of Hepliaklqana.
   879 | D        | Found a hide-covered altar of Uskayaw.
   879 | D        | Found a basalt altar of Yredelemnul.
   879 | D        | Found an opulent altar of Gozag.
   879 | D        | Found a snail-covered altar of Cheibriados.
   879 | D        | Found a sacrificial altar of Ru.
   879 | D        | Found a shadowy altar of Dithmenos.
   879 | D        | Noticed a yak
   880 | D        | Found a stormy altar of Qazlal.
   880 | D        | Found a blossoming altar of Fedhas.
   880 | D        | Found a bloodstained altar of Trog.
   880 | D        | Found an iron altar of Okawaru.
   880 | D        | Found a glowing silver altar of Zin.
   885 | D        | Killed a yak
   886 | D        | Reached skill level 5 in Fighting
   886 | D        | Reached skill level 5 in Spellcasting
   886 | D        | Reached skill level 9 in Conjurations
   886 | D        | Reached XP level 7. HP: 51/51 MP: 8/15
   887 | D        | Found a glowing golden altar of the Shining One.
   887 | D        | Found a white marble altar of Elyvilon.
   889 | D        | Found a sparkling altar of Nemelex Xobeh.
  1075 | D        | Found a burning altar of Makhleb.
  1075 | D        | Found a viscous altar of Jiyva.
  1075 | D        | Found a shimmering altar of Xom.
  1075 | D        | Found a corrupted altar of Lugonu.
  1075 | D        | Noticed a slime creature
  1084 | D        | Killed a slime creature
  1084 | D        | Reached * piety under Sif Muna
  1085 | D        | Reached skill level 5 in Dodging
  1085 | D        | Reached skill level 10 in Conjurations
  1266 | D        | Noticed Sonja
  1270 | D        | Killed Sonja
  1271 | D        | Reached skill level 11 in Conjurations
  1271 | D        | Reached XP level 8. HP: 60/60 MP: 8/19
  1547 | D        | Found Lugux's Distillery.
  1555 | D        | Bought a potion of heal wounds for 70 gold pieces
  1555 | D        | Bought a potion of heal wounds for 70 gold pieces
  1567 | D        | Noticed a deep troll
  1574 | D        | Killed a deep troll
  1575 | D        | Reached skill level 12 in Conjurations
  1575 | D        | Reached XP level 9. HP: 67/67 MP: 3/21
  1780 | D        | Found Epuanta's Armour Emporium.
  1807 | D        | Noticed a shining eye
  1807 | D        | Noticed a shining eye
  1807 | D        | Noticed a shining eye
  1807 | D        | Gained mutation: You tend to lose your temper in combat. [a
                  | shining eye]
  1824 | D        | Gained mutation: You have a pair of small antennae on your
                  | head. [a shining eye]
  1826 | D        | Gained mutation: You often lose your temper in combat. [a
                  | shining eye]
  1827 | D        | Killed a shining eye
  1827 | D        | Reached ** piety under Sif Muna
  1829 | D        | Gained mutation: You are frail. (-10% HP) [a shining eye]
  1831 | D        | Killed a shining eye
  1832 | D        | Reached skill level 13 in Conjurations
  2165 | D        | Reached *** piety under Sif Muna
  2379 | D        | Noticed a shining eye
  2379 | D        | Noticed a shining eye
  2379 | D        | Noticed a shining eye
  2384 | D        | Gained mutation: You sometimes lose the ability to read
                  | scrolls when taking damage. [a shining eye]
  2387 | D        | Killed a shining eye
  2390 | D        | Gained mutation: You occasionally shout uncontrollably at
                  | your foes. [a shining eye]
  2393 | D        | Killed a shining eye
  2394 | D        | Reached skill level 10 in Fighting
  2394 | D        | Reached skill level 14 in Conjurations
  2394 | D        | Reached XP level 10. HP: 68/68 MP: 9/23
  2527 | D        | Gained mutation: Your body sometimes deteriorates upon
                  | taking damage. [a shining eye]
  2530 | D        | Killed a shining eye
  2648 | D        | Killed a shining eye
  2648 | D        | Reached **** piety under Sif Muna
  2649 | D        | Paralysed by a floating eye for 4 turns
  2810 | D        | Noticed a shining eye
  2810 | D        | Noticed a shining eye
  2813 | D        | Lost mutation: You occasionally shout uncontrollably at
                  | your foes. [a shining eye]
  2817 | D        | Gained mutation: Your magical capacity is low. (-10% MP) [a
                  | shining eye]
  2825 | D        | Gained mutation: Potions are less effective at restoring
                  | your health. [a shining eye]
  2826 | D        | Gained mutation: You occasionally shout uncontrollably at
                  | your foes. [a shining eye]
  2827 | D        | Gained mutation: Your magical capacity is very low. (-20%
                  | MP) [a shining eye]
  2830 | D        | Killed a shining eye
  2830 | D        | Gained mutation: You have an uncontrollable temper. [a
                  | shining eye]
  2831 | D        | Reached skill level 10 in Dodging
  2831 | D        | Reached skill level 10 in Spellcasting
  2833 | D        | Gained mutation: You are clumsy. (Dex -2) [a shining eye]
  2837 | D        | Killed a shining eye
  2838 | D        | Reached skill level 15 in Conjurations
  2933 | D        | Found Ubbabry's Assorted Antiques.
  2933 | D        | Found Mioplucry's Armour Boutique.
  2933 | D        | Found Peyni's Distillery.
  2934 | D        | Found Oroxatuc's Assorted Antiques.
  2938 | D        | Bought a scroll labelled GEBEUSKUUKHLY for 27 gold pieces
  2938 | D        | Bought a scroll labelled NAFEM FIOMA for 27 gold pieces
  2938 | D        | Bought a glowing copper ring for 135 gold pieces
  2947 | D        | Bought a potion of heal wounds for 65 gold pieces
  2947 | D        | Bought a potion of heal wounds for 65 gold pieces
  2947 | D        | Bought a potion of invisibility for 104 gold pieces
  2947 | D        | Bought a potion of haste for 130 gold pieces
  2947 | D        | Bought a potion of invisibility for 104 gold pieces
  2949 | D        | Bought a red potion for 18 gold pieces
  2949 | D        | Bought a scroll labelled BESECE VESHRAPLU for 21 gold
                  | pieces
  3160 | D        | Noticed a kobold demonologist
  3166 | D        | Noticed a rust devil
  3166 | D        | Noticed a kobold demonologist
  3168 | D        | Killed a kobold demonologist
  3171 | D        | Killed a kobold demonologist
  3171 | D        | Reached ***** piety under Sif Muna
  3398 | D        | HP: 1/70 [demonic crawler (10)]
  3399 | D        | Identified Sif Muna's Disquisition on the Compass and
                  | Ignition (Sif Muna gifted it to you in the Dungeon)
  3399 | D        | Received a gift from Sif Muna
  3401 | D        | Slain by a demonic crawler

Illustrated notes

Levels and vault maps discovered:
D:        dungeon_sprint_1 [red_sonja_temple_1, red_sonja_temple_small_1]

Skill      XL: |  1  2  3  4  5  6  7  8  9 10 |
---------------+-------------------------------+-----
Fighting       | 2 4 5 7 8 10 11 | 11.2
Spellcasting   | 3 4 5 7 8 9 10 | 10.6
Conjurations   | 5 7 8 9 11 12 14 15 | 15.6
Hexes          | 5 |  5.0
Translocations | 5 |  5.0
Dodging        | 4 6 7 9 10 | 10.6
Stealth        | |  2.6

Action                   |  1- 3 |  4- 6 |  7- 9 | 10-12 || total
-------------------------+-------+-------+-------+-------++-------
Melee: Unarmed           |     7 |       |     2 |       ||     9
       Constrict         |     1 |       |     1 |       ||     2
       Tentacles         |       |       |     1 |       ||     1
 Cast: Searing Ray       |     2 |     3 |    15 |    12 ||    32
       Iskenderun's Myst |       |       |     5 |     6 ||    11
       Magic Dart        |       |       |     1 |       ||     1
  Use: Potion            |     1 |       |       |     2 ||     3
Armor: Skin              |       |       |       |     1 ||     1
Dodge: Dodged            |     2 |     2 |     4 |    13 ||    21

Table legend: (Time is in decaauts)
 A = Elapsed time spent in this place.
 B = Non-inter-level travel time spent in this place.
 C = Inter-level travel time spent in this place.
 D = Time resting spent in this place.
 E = Time spent auto-exploring this place.
 F = Levels seen in this place.
 G = Mean time per level.
                   A        B        C        D        E       F      G
               +--------+--------+--------+--------+--------+-----+--------+
         Total |   3407 |   3299 |    108 |   2798 |      0 |   1 | 3407.0 |
       Dungeon |   3407 |   3299 |    108 |   2798 |      0 |   1 | 3407.0 |
               +--------+--------+--------+--------+--------+-----+--------+

Top non-repeatable levels by time:
       D: 3407 daAuts
